 Dungeon Crawl Stone Soup version 0.24-a0-217-g1152973 (webtiles) character file.

Game seed: 16660992511931045860

147 xeno23 the Sneak (level 5, -2/36 HPs)
             Began as an Octopode Assassin on Mar 29, 2019.
             Slain by a hobgoblin
             ... wielding a +0 club
              (4 damage)
             ... on level 2 of the Dungeon.
             The game lasted 00:11:20 (2079 turns).

xeno23 the Sneak (Octopode Assassin)                Turns: 2079, Time: 00:11:21

Health: -2/36      AC:  1    Str: 10    XL:     5   Next: 29%
Magic:  5/5        EV: 14    Int: 13    God:
Gold:   107        SH:  0    Dex: 15    Spells: 4/4 levels left

rFire    . . .     SeeInvis .   a - +2 dagger
rCold    . . .     Gourm    .   (no shield)
rNeg     . . .     Faith    .   (helmet restricted)
rPois    .         Spirit   .   (no amulet)
rElec    .         Reflect  .   i - ring of resist corrosion
rCorr    +         Harm     .   (no ring)
MR       .....                  (no ring)
Stlth    ++++......             (no ring)
HPRegen  0.12/turn              (no ring)
MPRegen  0.09/turn              (no ring)
                                (no ring)
                                (no ring)

@: lethally poisoned (-2 -> -3)
A: almost no armour, stealthy swim, amphibious, 8 rings, constrict 8, camouflage
1, gelatinous body 1
a: no special abilities


You were on level 2 of the Dungeon.
You were not hungry.

You visited 1 branch of the dungeon, and saw 3 of its levels.

You collected 107 gold pieces.

Inventory:

Hand Weapons
 a - a +2 dagger (weapon)
 b - a +0 blowgun
 o - a +0 hunting sling
Missiles
 m - 2 curare-tipped needles
 n - a poisoned needle
 q - 18 sling bullets
Jewellery
 i - a ring of resist corrosion (left tentacle)
Scrolls
 c - 2 scrolls of identify {unknown}
 e - 4 scrolls of teleportation {unknown}
 g - 2 scrolls of blinking {unknown}
 h - a scroll of remove curse {unknown}
 j - a scroll of immolation {unknown}
 k - a scroll of enchant armour {unknown}
 l - a scroll of amnesia {unknown}
 p - a scroll of noise {unknown}
Comestibles
 d - a chunk of flesh
 f - 3 rations


   Skills:
 + Level 2.9 Fighting
 * Level 3.6 Short Blades
 - Level 2.0 Throwing
 + Level 2.2 Dodging
 + Level 6.2 Stealth


You had 4 spell levels left.
You didn't know any spells.
Your spell library was empty.

Dungeon Overview and Level Annotations

Branches:
Dungeon (3/15)

Altars:


Innate Abilities, Weirdness & Mutations

You cannot wear most types of armour.
You are very stealthy in the water. (Stealth+)
You are amphibious.
You can wear up to eight rings at the same time.
You can use your tentacles to constrict eight enemies at once.
Your skin changes colour to match your surroundings (Stealth+).
Your rubbery body absorbs attacks. (AC +1, EV +1)


Message History

You take 1 damage.
You aren't carrying any potions.
Okay, then.
Unknown command.
Wield which item (- for none, * to show all)? (? for menu, Esc to quit)
a - a +2 dagger (weapon)
You hit the quokka but do no damage. You grab the quokka.
You squeeze the quokka.
You kill the quokka!
A hobgoblin comes into view. It is wielding a +0 club.
* * * LOW HITPOINT WARNING * * *
You feel sick.
The hobgoblin shouts!
You take 1 damage.
Found a club.
Found 25 bolts.
You see here a poisoned needle.
* * * LOW HITPOINT WARNING * * *
You feel sick. The hobgoblin hits you with a +0 club.
You die...

.......$#...#....
.......$#...#....
######+###.(...#...#....
#..................).÷..
#........###............
#........#<..#.#(###.###
#........#####.#†# #.#
#.....)........#.# #.#
#......@########.# #.###
#......g(..w.....# #....
#........######### #####
#........# #........#
#........# ##+#####.#
#.# #.#


You could see a worm and a hobgoblin.

Vanquished Creatures
  8 gnolls (D:2)
  3 adders (D:2)
  An ooze (D:2)
  A worm (D:2)
  A leopard gecko (D:2)
  2 bats
  3 giant cockroaches
  4 goblins
  6 hobgoblins
  3 quokkas (D:2)
  2 frilled lizards
  4 rats
38 creatures vanquished.

Notes
Turn   | Place    | Note
-------+----------+-------------------------------------------
     0 | D:1      | xeno23 the Octopode Assassin began the quest for the Orb.
     0 | D:1      | Reached XP level 1. HP: 14/14 MP: 1/1
   254 | D:1      | Reached XP level 2. HP: 19/19 MP: 2/2
   990 | D:2      | Reached XP level 3. HP: 12/25 MP: 3/3
  1333 | D:2      | Reached XP level 4. HP: 13/30 MP: 4/4
  1459 | D:2      | Reached skill level 6 in Stealth
  1770 | D:2      | Reached XP level 5. HP: 36/36 MP: 5/5
  2079 | D:2      | Slain by a hobgoblin

Levels and vault maps discovered:
D:1:      dpeg_arrival_water_altar, layout_loops_cross
D:2:      layout_basic, lemuel_blue_sif_altar, overflow_temple_1_default
D:3:      layout_rooms, nemelex_spade_bored_becter

Skill      XL: |  1  2  3  4 |
---------------+-------------+-----
Short Blades   | 3 |  3.6
Dodging        | 2 |  2.2
Stealth        | 6 |  6.2
Fighting       | |  2.9
Throwing       | |  2.0

Action                   |  1- 3 |  4- 6 || total
-------------------------+-------+-------++-------
Melee: Dagger            |    30 |    37 ||    67
       Constrict         |     7 |    12 ||    19
       Tentacles         |     4 |    10 ||    14
 Fire: Blowgun           |    23 |    26 ||    49
 Stab: Sleeping          |     2 |     4 ||     6
  Eat: Chunk             |       |     3 ||     3
Armor: Skin              |     1 |     1 ||     2
Dodge: Dodged            |    14 |    22 ||    36

Table legend:
 A = Non-vault XP
 B = Vault XP
 C = Vault XP percentage of total XP
 D = Non-vault monster count
 E = Vault monster count
 F = Vault count percentage of total count
                 A         B        C        D         E       F
            +---------+---------+-------+---------+---------+-------
      Total |     210 |       0 |   0.0 |      38 |       0 |   0.0
            +---------+---------+-------+---------+---------+-------
        D:1 |      17 |       0 |   0.0 |      10 |       0 |   0.0
        D:2 |     193 |       0 |   0.0 |      28 |       0 |   0.0
            +---------+---------+-------+---------+---------+-------
